 Seeded DCSS version 0.30.1 (webtiles) character file.

Game seed: 7229806256980976716 (custom seed)

25 McKennaii the Digger (level 2, 20/20 HPs)
             Began as a Demigod Earth Elementalist on July 13, 2023.
             Quit the game on level 1 of the Dungeon.
             The game lasted 00:00:42 (996 turns).

McKennaii the Digger (Demigod Earth Elementalist)    Turns: 996, Time: 00:00:43

Health: 20/20      AC:  2    Str:  9    XL:     2   Next: 63%
Magic:  7/7        EV: 12    Int: 17    God:
Gold:   50         SH:  0    Dex: 14    Spells: 4/5 levels left

rFire   . . .        (no weapon)
rCold   . . .        (no shield)
rNeg    . . .        a - +0 robe
rPois   .            (no helmet)
rElec   .            (no cloak)
rCorr   .            (no gloves)
SInv    .            (no boots)
Will    .....        (no amulet)
Stlth   ++           (no ring)
HPRegen 0.23/turn    (no ring)
MPRegen 0.10/turn

%: no passive effects
@: no status effects
A: high MP 1, forlorn, divine attributes
a: no special abilities


You were on level 1 of the Dungeon.
You visited 1 branch of the dungeon, and saw 1 of its levels.

You collected 50 gold pieces.

Inventory:

Missiles
 c - a throwing net
Armour
 a - a +0 robe (worn)
Scrolls
 d - 2 scrolls of amnesia {unknown}
 e - a scroll of blinking {unknown}
 g - 2 scrolls of identify {unknown}
 i - a scroll of enchant armour {unknown}
 j - a scroll of teleportation {unknown}
 k - 2 scrolls of acquirement
Potions
 b - a potion of magic
 f - a potion of mutation {unknown}
 h - a potion of might {unknown}


   Skills:
 - Level 1.7 Dodging
 - Level 1.7 Stealth
 + Level 2.4 Spellcasting
 - Level 0.8 Transmutations
 + Level 3.2 Earth Magic


You had 4 spell levels left.
You knew the following spells:

 Your Spells              Type           Power      Damage    Failure   Level
a - Sandblast             Erth           26%        2d8       4%          1

Your spell library contained the following spells:

 Spells                   Type           Power      Damage    Failure   Level
 Passwall                 Tmut/Erth      7%         N/A       12%         2
 Stone Arrow              Conj/Erth      14%        3d7       28%         3
 Petrify                  Tmut/Erth      9%         N/A       63%         4


Dungeon Overview and Level Annotations

Branches:
Dungeon (1/15)


Innate Abilities, Weirdness & Mutations

You have an increased reservoir of magic. (+10% MP)
You shall have no god before yourself.
Your divine heritage dramatically boosts your attributes as you level up.


Message History

You can't see any susceptible monsters within range! (Use Z to cast anyway.) No target in view!
You now have 50 gold pieces (gained 13).
Found a whip.
Found 3 stones.
No target in view!
You can't see any susceptible monsters within range! (Use Z to cast anyway.)
j - a scroll labelled WUBBUN RUOS No target in view!
You can't see any susceptible monsters within range! (Use Z to cast anyway.)
You see here 3 stones.
k - 3 scrolls labelled RAGIOR NADERHA No target in view!
You can't see any susceptible monsters within range! (Use Z to cast anyway.) Key pressed, stopping explore.
No target in view!
You can't see any susceptible monsters within range! (Use Z to cast anyway.) No target in view!
You see here 3 stones.
Key pressed, stopping explore.
You can't see any susceptible monsters within range! (Use Z to cast anyway.) No target in view!
Done exploring.
You can't see any susceptible monsters within range! (Use Z to cast anyway.) No target in view!
Done exploring.
You can't see any susceptible monsters within range! (Use Z to cast anyway.) No target in view!
Done exploring.
You can't see any susceptible monsters within range! (Use Z to cast anyway.) No target in view!
Done exploring.
You can't see any susceptible monsters within range! (Use Z to cast anyway.) No target in view!
Done exploring.
You can't see any susceptible monsters within range! (Use Z to cast anyway.)
There is an escape hatch in the floor here.
This is a scroll of acquirement!
Something appears at your feet!
Are you sure you want to abandon this character and quit the game? (Confirm with "yes".)

###################
##########.................#
.........#.###############.#
########.#.########## #.#
#.......#....@...# #.#
####.#.......######.# #.#
.....#.#.##### #.# #.#
######.#.# #.# #.# #.#.# #.#
#.# #.#.# #.# #.# #.#.#
#.#### #.# ######.#.#
#....###.# ........(#
####.....#


There were no monsters in sight!

Vanquished Creatures
  3 bats (D:1)
  2 giant cockroaches (D:1)
  A goblin (D:1)
  2 hobgoblins (D:1)
  6 jackals (D:1)
  2 quokkas (D:1)
  2 ball pythons (D:1)
  A frilled lizard (D:1)
  A rat (D:1)
20 creatures vanquished.

Notes
Turn   | Place    | Note
-------+----------+-------------------------------------------
     0 | D:1      | McKennaii the Demigod Earth Elementalist began the quest
                  | for the Orb.
     0 | D:1      | Reached XP level 1. HP: 14/14 MP: 5/5
   362 | D:1      | Reached skill level 3 in Earth Magic
   437 | D:1      | Reached XP level 2. HP: 20/20 MP: 2/7
   995 | D:1      | Identified 3 scrolls of acquirement
   995 | D:1      | Acquired 678 gold pieces
   996 | D:1      | Quit the game

Illustrated notes

Levels and vault maps discovered:
D:1:      spicycebolla_arrival_ecumenical, layout_loops_ring

Skill      XL: |  1 |
---------------+----+-----
Spellcasting   | 2 |  2.4
Earth Magic    | 3 |  3.2
Dodging        | |  1.7
Stealth        | |  1.7
Transmutations | |  0.8

Action                     || total
---------------------------++-------
  Melee: Unarmed           ||     9
   Cast: Sandblast         ||    29
    Use: Scroll            ||     1
 Armour: Robe              ||    17
  Dodge: Dodged            ||    32
